 Dungeon Crawl Stone Soup version 0.26-a0-450-ge645bd13c1 (webtiles) character file.

Game seed: 7123888291999957102

4 MrRokkomies the Sneak (level 1, -3/19 HPs)
             Began as a Palentonga Delver on July 27, 2020.
             Slain by an adder (5 damage)
             ... on level 3 of the Dungeon.
             The game lasted 00:01:01 (183 turns).

MrRokkomies the Sneak (Palentonga Delver)            Turns: 183, Time: 00:01:01

Health: -3/19      AC:  4    Str: 15    XL:     1   Next: 58%
Magic:  1/1        EV:  9    Int: 10    God:
Gold:   38         SH:  0    Dex: 11    Spells: 0/0 levels left

rFire    . . .     SeeInvis +   a - +0 mace
rCold    . . .     Faith    .   (no shield)
rNeg     . . .     Spirit   .   b - +0 leather armour
rPois    .         Reflect  .   (no helmet)
rElec    .         Harm     .   (no cloak)
rCorr    .                      (no gloves)
MR       .....                  (boots restricted)
Stlth    ++........             (no amulet)
HPRegen  0.06/turn              (no ring)
MPRegen  0.07/turn              (no ring)

@: lethally poisoned (-3 -> -19), flying
A: large, rugged brown scales 3, see invisible, deformed body, roll, armoured
tail
a: Rolling Charge


You were on level 3 of the Dungeon.
You visited 1 branch of the dungeon, and saw 3 of its levels.

You collected 38 gold pieces.

Inventory:

Hand Weapons
 a - a +0 mace (weapon)
Armour
 b - a +0 leather armour (worn)
Wands
 g - a wand of digging (3)
Scrolls
 c - a scroll of fog
 d - 2 scrolls of magic mapping
 e - a scroll of fear
 i - a scroll of blinking {unknown}
Potions
 f - a potion of haste


   Skills:
 * Level 3.1 Fighting
 * Level 2.1 Maces & Flails
 + Level 1.6 Dodging
 - Level 3.3 Stealth


You couldn't memorise any spells.
You didn't know any spells.
Your spell library was empty.

Dungeon Overview and Level Annotations

Branches:
Dungeon (5/15)
 Temple: D:4-7

Altars:


Innate Abilities, Weirdness & Mutations

You are completely covered in rugged brown scales. (AC +3, +7% HP)
You have supernaturally acute eyesight. (SInv)
Armour fits poorly on your strangely shaped body.
You can roll at foes to attack.
You have a long armoured tail.


Message History

A goblin comes into view.
You hit the adder but do no damage.
You feel sick. The adder bites you but does no damage. The adder bites you.
You are lethally poisoned!
The adder poisons you!
You thump the adder!
The adder is severely wounded.
You feel sick. The adder barely misses you. The adder bites you.
You are more poisoned.
The adder poisons you! The goblin hits you but does no damage.
You hit the adder.
Your tail-slap misses the adder.
The adder is almost dead.
You feel sick. The adder bites you but does no damage. The goblin hits you.
* * * LOW HITPOINT WARNING * * *
It was a potion of flight.
You feel very buoyant.
You fly up into the air.
* * * LOW HITPOINT WARNING * * *
You feel sick. The adder bites you.
You die...

#.........######.#
#>##.......#####.#######
#.#..#..................
#.#........#####.###..##
#.#.#.#...## #.# #
#.#.#.##.## #.#
#.#...##.# #.#
#.###.##.## #†###..##
#.# #.#...##. #@S......
#.###.#.....# #g.##..##
#............ ...# #
#####.##.##.. ....# #.#
# ...... #.# ########
#.# #.# #.#


You could see an adder and a goblin.

Vanquished Creatures
  A worm (D:3)
  A hobgoblin (D:3)
2 creatures vanquished.

Notes
Turn   | Place    | Note
-------+----------+-------------------------------------------
     0 | D:5      | MrRokkomies the Palentonga Delver began the quest for the
                  | Orb.
     0 | D:5      | Reached XP level 1. HP: 19/19 MP: 1/1
    74 | D:4      | Noticed a worker ant
   183 | D:3      | Slain by an adder

Illustrated notes

Levels and vault maps discovered:
D:3:      layout_loops_ring
D:4:      layout_gridville
D:5:      layout_loops_ring, basic_altar

Action                   || total
-------------------------++-------
Melee: Mace              ||     8
 Abil: Rolling Charge    ||     1
  Use: Potion            ||     1
 Stab: Sleeping          ||     1
Armor: Leather armour    ||     4
Dodge: Dodged            ||     3

Table legend: (Time is in decaauts)
 A = Elapsed time spent in this place.
 B = Non-inter-level travel time spent in this place.
 C = Inter-level travel time spent in this place.
 D = Time resting spent in this place.
 E = Time spent auto-exploring this place.
 F = Levels seen in this place.
 G = Mean time per level.
                   A        B        C        D        E       F      G
               +--------+--------+--------+--------+--------+-----+--------+
         Total |    184 |    184 |      0 |      0 |      0 |   3 |   61.3 |
       Dungeon |    184 |    184 |      0 |      0 |      0 |   3 |   61.3 |
               +--------+--------+--------+--------+--------+-----+--------+

Top non-repeatable levels by time:
     D:4: 80 daAuts
     D:3: 55 daAuts
     D:5: 49 daAuts
